 Dungeon Crawl Stone Soup version bcrawl-1.36 (webtiles) character file.

Game seed: 5901360206112465042

239408 MisterOstroum the Skirmisher (level 7, -15/63 HPs)
             Began as a Yellow Draconian Berserker on Apr 16, 2022.
             Was a Priest of Trog.
             Demolished by Pikel
             ... wielding a +0 whip of electrocution
              (20 damage)
             ... on level 3 of the Dungeon.
             The game lasted 00:04:40 (3091 turns).

MisterOstroum the Skirmisher (DrBe)                 Turns: 3091, Time: 00:04:40

Health: -15/63     AC:  9    Str: 21    XL:     7   Next: 17%
Magic:  7/7        EV:  8    Int:  8    God:    Trog [***...]
Gold:   134        SH:  8    Dex: 10    Spells: 6/6 levels left

rFire    . . .     SeeInvis .   u - +0 trident
rCold    . . .     Gourm    .   m - +0 medium shield
rNeg     . . .     Faith    .   (armour unavailable)
rPois    .         Spirit   .   n - +2 hat
rElec    .         Reflect  .   (no cloak)
rCorr    +                      (no gloves)
MR       .....                  j - +0 pair of boots
Stlth    +.........             (no amulet)
HPRegen  0.20/turn              (no ring)
MPRegen  0.10/turn              (no ring)

@: berserk cooldown, slowed, very slow
A: spit acid, acid resistance, unfitting armour, cold-blooded, AC +6
a: Breathe Acid, Berserk, Trog's Hand, Renounce Religion


You were on level 3 of the Dungeon.
You worshipped Trog.
Trog was most pleased with you.
You were hungry.

You visited 1 branch of the dungeon, and saw 4 of its levels.

You collected 134 gold pieces.

Inventory:

Hand Weapons
 a - a +0 spear
 l - a +2 dagger of draining
 o - a +0 blowgun
 u - a +0 trident (weapon)
Missiles
 d - 340 arrows
 f - 436 stones (quivered)
 p - 12 curare-tipped needles
Armour
 b - a +0 hat
 j - a +0 pair of boots (worn)
 m - a +0 medium shield (worn)
 n - a +2 hat (worn)
Wands
 t - a wand of digging (9)
Scrolls
 c - 3 scrolls of enchant armour {unknown}
 g - a scroll of remove curse {unknown}
 i - 7 scrolls of identify {@r1}
 k - a scroll of magic mapping {unknown}
 v - a scroll of enchant weapon {unknown}
Potions
 h - a potion of haste {unknown}
 q - a potion of flight {unknown}
 r - 2 potions of might {unknown}
 s - a potion of mutation {unknown}
Comestibles
 e - 4 rations {!d}


   Skills:
 * Level 6.0 Fighting
 * Level 5.4 Polearms
 + Level 3.9 Dodging
 + Level 2.5 Shields


You had 6 spell levels left.
You didn't know any spells.
Your spell library was empty.

Dungeon Overview and Level Annotations

Branches:
Dungeon (4/12)
 Temple: D:4-7

Altars:

Shops:
D:4 *::

Annotations:
D:4 Pikel


Innate Abilities, Weirdness & Mutations

You can spit globs of acid.
You are resistant to acid.
Your golden yellow scales are hard. (AC +6)
You cannot fit into any form of body armour.
You are cold-blooded and may be slowed by cold attacks.


Message History

a jackal skeleton; a ball python skeleton
Things that are here:
a jackal skeleton; a ball python skeleton
Found a stone staircase leading down.
Key pressed, stopping explore.
You now have 134 gold pieces (gained 17).
Found a stone staircase leading down.
There is an entrance to Foc Otun's Book Emporium here.
Some of the chunks of flesh in your inventory have rotted away.
An orc comes into view. It is wielding a +0 short sword.
An orc priest comes into view. It is wielding a +0 flail.
There are monsters nearby!
There are monsters nearby!
The orc shouts!
You hear a shout! x2
You start waiting.
The orc is too close now for your liking.
The orc hits you with a +0 short sword.
You puncture the orc!
You kill the orc!
Trog accepts your kill.
The orc priest invokes the aid of Beogh against you.
You struggle to resist.
A slave comes into view.
Attack whom?
Press: ? - help, Dir - move target cursor, f - orc priest
Aim: an orc priest, wielding a +0 flail You reach to attack!
You barely miss the orc priest.
The slave shouts!
You hit the orc priest.
The orc priest is heavily wounded.
The orc priest mumbles some strange prayers to Beogh against you.
Beogh smites you!
You hear a shout!
You barely miss the orc priest.
The orc priest is heavily wounded.
The orc priest hits you but does no damage.
All of the chunks of flesh in your inventory have rotted away.
You puncture the orc priest!
You kill the orc priest!
Trog accepts your kill.
Pikel the Slaver comes into view.
He is wielding a +0 whip of electrocution.
Your Fighting skill increases to level 6!
The slave hits you but does no damage.
You puncture the slave!
You tail-slap the slave, but do no damage.
The slave is moderately wounded.
The slave hits you but does no damage.
You closely miss the slave. You tail-slap the slave.
The slave is heavily wounded.
The slave hits you!
Pikel drinks a potion.
Pikel flickers and vanishes!
Deactivating autopickup; reactivate with Ctrl-A.
You puncture the slave!
The slave is almost dead.
The slave barely misses you.
An orc wizard comes into view. It is wielding a +0 mace.
The orc wizard shouts!
You puncture the slave!
You kill the slave!
That felt strangely unrewarding.
Throwing (i - inventory)
f - 437 stones (quivered)
Press: ? - help, Shift-Dir - straight line, f - orc wizard
Aim: an orc wizard, wielding a +0 mace and wearing a +0 robe You throw a stone.
A slave comes into view.
Something hits you but does no damage.
You are electrocuted!!
A slave comes into view. x2
The slave shouts!
The orc wizard casts a spell.
The orc wizard seems to speed up.
You hear a shout!
A red film seems to cover your vision as you go berserk!
You feel yourself moving faster!
You feel mighty!
You are feeling hungry.
Something hits you. The orc wizard hits you with a +0 mace.
You feel a strong urge to attack something.
The orc wizard hits you but does no damage.
You feel your anger nearly subside.
You are no longer berserk.
You are exhausted.
You feel yourself slow down.
The orc wizard hits you but does no damage.
The orc wizard hits you but does no damage.
There is a stone staircase leading up here.
Something hits you.
* * * LOW HITPOINT WARNING * * *
You block the orc wizard's attack. Something hits you but does no damage.
The orc wizard points at you and mumbles some strange words.
The puff of flame hits you!
* * * LOW HITPOINT WARNING * * *
A rune on the stairs sparks and fizzles.
You climb upwards.
Reactivating autopickup.
There is a stone staircase leading down here.
You closely miss the orc wizard. You tail-slap the orc wizard.
The orc wizard is lightly wounded.
The orc wizard hits you with a +0 mace.
* * * LOW HITPOINT WARNING * * *
Something hits you.
* * * LOW HITPOINT WARNING * * *
You are electrocuted!!
You die...

รท...#.#.#....####.########>......
....##.####### ##.## #..#.##.
######## #...# #....... ##########
#...# ##....#. #........# #...#
#....#. ##.####..# #...# ###.#.##.
##.#....# #...# #........
##..##.#######...######.###..##
##.#.##.#......@o........###..##
##.##............................
#<.......#.................#...#.
.#....##########...######......#.
......# #...# ##....... #.....#
#...# #....... #.....# #...#
#....... ##...## #...#### ##.#....
###.## #......# #.#.###


You could see an orc wizard.

Vanquished Creatures
  Grinder (D:3)
  A slave (D:4)
  An ogre (D:4)
  A howler monkey (D:4)
  An orc priest (D:4)
  3 jellies (D:3)
  A hound skeleton (D:4)
  4 adders
  8 oozes
  A worm (D:2)
  2 leopard geckos
  5 orcs
  3 bats
  A giant cockroach (D:1)
  5 goblins
  2 hobgoblins (D:1)
  14 jackals
  2 quokkas
  3 ball pythons
  A frilled lizard (D:3)
  13 kobolds
  6 rats
79 creatures vanquished.

Vanquished Creatures (others)
  2 fungi (D:3)
  7 toadstools (D:3)
9 creatures vanquished.

Grand Total: 88 creatures vanquished

Notes
Turn   | Place    | Note
-------+----------+-------------------------------------------
     0 | D:1      | MisterOstroum the Draconian Berserker began the quest for
                  | the Orb.
     0 | D:1      | Reached XP level 1. HP: 19/19 MP: 1/1
   158 | D:1      | Reached XP level 2. HP: 25/26 MP: 2/2
   860 | D:2      | Reached XP level 3. HP: 33/33 MP: 3/3
  1703 | D:3      | Reached ** piety under Trog
  1704 | D:3      | Reached skill level 4 in Fighting
  1822 | D:3      | Reached XP level 4. HP: 31/40 MP: 4/4
  1877 | D:3      | Reached skill level 1 in Shields
  1885 | D:3      | Reached XP level 5. HP: 29/47 MP: 5/5
  2082 | D:3      | Noticed Grinder
  2095 | D:3      | Killed Grinder
  2096 | D:3      | Reached skill level 5 in Fighting
  2096 | D:3      | Reached XP level 6. HP: 56/56 MP: 6/6
  2273 | D:3      | Reached skill level 5 in Polearms
  2819 | D:4      | Reached *** piety under Trog
  2823 | D:4      | Your scales start taking on a golden yellow colour.
  2823 | D:4      | Reached XP level 7. HP: 49/62 MP: 7/7
  3036 | D:4      | Found Foc Otun's Book Emporium.
  3046 | D:4      | Found Afuyfoh's Book Shop.
  3046 | D:4      | Found Tusk's Elemental Accessories.
  3063 | D:4      | Noticed Pikel
  3064 | D:4      | Reached skill level 6 in Fighting
  3091 | D:3      | Demolished by Pikel

Skill      XL: |  1  2  3  4  5  6  7 |
---------------+----------------------+-----
Dodging        | 3 |  3.9
Fighting       | 4 5 6 |  6.0
Polearms       | 4 5 |  5.4
Shields        | 1 2 |  2.5

Action                   |  1- 3 |  4- 6 |  7- 9 || total
-------------------------+-------+-------+-------++-------
Melee: Spear             |   128 |    75 |       ||   203
       Tailslap          |    13 |    14 |     8 ||    35
       Trident           |       |    54 |    52 ||   106
Throw: Stone             |       |       |     2 ||     2
Invok: Berserk           |       |     2 |     2 ||     4
 Abil: Breathe Acid      |       |       |     1 ||     1
 Stab: Sleeping          |     1 |       |       ||     1
  Eat: Chunk             |     4 |     5 |     1 ||    10
       Ration            |       |     1 |     1 ||     2
Armor: Skin              |    50 |    46 |    57 ||   153
Dodge: Dodged            |    61 |    28 |    26 ||   115
Block: Medium shield     |    17 |    48 |    38 ||   103
